 Dungeon Crawl Stone Soup version 0.23-a0-14-g8c9a20f (webtiles) character file.

20819 jjfam the Cleaver (level 12, 0/112 HPs)
             Began as a Deep Dwarf Fighter on Aug 2, 2018.
             Was an Elder of Makhleb.
             Slain by an orc knight
             ... wielding a +0 bardiche
              (24 damage)
             ... on level 2 of the Orcish Mines.
             The game lasted 00:37:59 (9597 turns).

jjfam the Cleaver (Deep Dwarf Fighter)              Turns: 9597, Time: 00:38:00

Health: 0/112      AC: 18    Str: 25    XL:     12   Next: 48%
Magic:  4/4        EV: 10    Int:  8    God:    Makhleb [****..]
Gold:   1291       SH: 18    Dex: 13    Spells: 11/11 levels left

rFire    . . .     SeeInvis +   O - +2 eveningstar (drain)
rCold    + + .     Gourm    .   c - +0 shield
rNeg     . . .     Faith    .   P - +1 chain mail {rC+}
rPois    .         Spirit   .   I - +2 hat {SInv}
rElec    .         Reflect  +   D - +0 cloak
rCorr    .         Harm     .   q - +0 pair of gloves
MR       +....                  p - +0 pair of boots
Stlth    ..........             K - +5 amulet of reflection
HPRegen  0.00/turn              J - ring of protection from cold
MPRegen  0.09/turn              (no ring)

@: non-regenerating
A: damage resistance, heal wounds, sense surroundings 2, no regeneration
a: Heal Wounds, Minor Destruction, Lesser Servant of Makhleb, Major Destruction,
Renounce Religion


You were on level 2 of the Orcish Mines.
You worshipped Makhleb.
Makhleb was greatly pleased with you.
You were hungry.

You visited 3 branches of the dungeon, and saw 14 of its levels.

You collected 1291 gold pieces.

Inventory:

Hand Weapons
 O - a +2 eveningstar of draining (weapon)
Armour
 c - a +0 shield (worn)
 p - a +0 pair of boots (worn)
 q - a +0 pair of gloves (worn)
 D - a +0 cloak (worn)
 H - a +0 plate armour
 I - a +2 hat of see invisible (worn)
 P - a +1 chain mail of cold resistance (worn)
Jewellery
 a - an uncursed ring of see invisible {unknown}
 n - an uncursed ring of resist corrosion {unknown}
 J - a ring of protection from cold (left hand)
 K - a +5 amulet of reflection (around neck)
 M - an uncursed ring of stealth {unknown}
Wands
 u - a wand of clouds (8)
 y - a wand of digging (8)
 C - a wand of scattershot (2)
 F - a wand of acid (4)
Scrolls
 e - 3 scrolls of magic mapping
 g - 4 scrolls of blinking
 h - 5 scrolls of teleportation
 i - 5 scrolls of identify
 k - a scroll of silence {unknown}
 m - 2 scrolls of fog
 v - 4 scrolls of remove curse
 w - 3 scrolls of amnesia
 x - 2 scrolls of random uselessness
 A - a scroll of enchant weapon
 B - a scroll of immolation
 G - a scroll of fear
 N - a scroll of enchant armour {unknown}
Potions
 d - 3 potions of might
 j - 5 potions of curing
 l - a potion of invisibility
 o - a potion of cancellation
 r - a potion of mutation
 s - a potion of heal wounds
 t - 2 potions of flight
 z - a potion of haste
 E - a potion of agility
Comestibles
 f - 20 rations


   Skills:
 + Level 8.9 Fighting
   Level 13.0(13.1) Axes
 * Level 2.3(8.2) Maces & Flails
 + Level 10.0 Armour
 + Level 5.0 Dodging
 - Level 0.7 Stealth
 + Level 11.6 Shields
 - Level 2.0 Invocations
 - Level 1.4 Evocations


You had 11 spell levels left.
You didn't know any spells.
Your spell library contained the following spells:

 Spells                   Type           Power        Failure   Level  Hunger
 Conjure Flame            Conj/Fire      #.......     100%        3    ####...
 Confuse                  Hex            #.......     100%        3    ####...
 Freezing Cloud           Conj/Ice/Air   #.........   100%        6    #######
 Mephitic Cloud           Conj/Pois/Air  #.......     100%        3    ####...
 Ring of Flames           Chrm/Fire      #.........   100%        7    #######
 Venom Bolt               Conj/Pois      #.........   100%        5    ######.
 Olgreb's Toxic Radiance  Pois           #.......     100%        4    #####..
 Summon Small Mammal      Summ           #...         98%         1    ##.....
 Summon Ice Beast         Ice/Summ       #.......     100%        4    #####..
 Call Imp                 Summ           #.......     99%         2    ###....
 Regeneration             Chrm/Necr      #.........   100%        3    ####...
 Sting                    Conj/Pois      #...         98%         1    ##.....
 Tukima's Dance           Hex            #.......     100%        3    ####...
 Call Canine Familiar     Summ           #.......     100%        3    ####...
 Ensorcelled Hibernation  Hex/Ice        #.....       99%         2    ###....
 Corona                   Hex            #......      98%         1    ##.....
 Shroud of Golubria       Chrm/Tloc      #.........   99%         2    ###....
 Dazzling Spray           Conj/Hex       #.....       100%        3    ####...
 Infusion                 Chrm           #...         98%         1    ##.....
 Song of Slaying          Chrm           #.......     99%         2    ###....
 Spectral Weapon          Hex/Chrm       #.......     100%        3    ####...
 Summon Lightning Spire   Summ/Air       #.......     100%        4    #####..
 Summon Guardian Golem    Hex/Summ       #.......     100%        3    ####...
 Poisonous Vapours        Pois/Air       #.....       99%         2    ###....


Dungeon Overview and Level Annotations

Branches:
Dungeon (11/15)            Temple (1/1) D:4            Lair (0/6) D:8
    Orc (2/2) D:11            Elf (0/3) Orc:2

Altars:
Ashenzari
Cheibriados
Dithmenos
Elyvilon
Fedhas
Gozag
Hepliaklqana
Kikubaaqudgha
Makhleb
Nemelex Xobeh
Okawaru
Qazlal
Ru
Sif Muna
Trog
Uskayaw
Vehumet
Wu Jian
Xom
Yredelemnul
Zin
The Shining One
Beogh

Shops:
D:11 [


Innate Abilities, Weirdness & Mutations

You are resistant to damage.
You can heal yourself by infusing magical energy.
You passively map the area around you.
You do not regenerate.


Message History

You kill the orc!
Makhleb accepts your kill.
The orc knight unwields an uncursed bardiche.
The orc knight wields an uncursed arbalest.
The orc knight shoots a bolt.
The bolt barely misses you.
The orc knight shoots a bolt.
The bolt hits you!!
* * * LOW HITPOINT WARNING * * *
Items here: ( ) [ † a bolt; a halberd; a plate armour; an orc corpse
Items here: ))) [ † a club; a dagger; a robe; a dagger; an orc corpse The orc knight unwields an uncursed arbalest.
The orc knight wields an uncursed bardiche.
You block the orc knight's attack.
Things that are here:
a chain mail; a short sword of venom You hit the orc knight.
You drain the orc knight!
The orc knight is lightly wounded.
The orc knight hits you with an uncursed bardiche!!
You die...

...........................#.....
........#.........#.#............
...................#......)......
........#.................)......
..........................#......
..........#.....#........#.......
..................(...#..........
................o................
.....#.##.......@)((...).........
#...#)##.........#(..............
....)......#..####..#..(.........
#..>).....###.# #....#.#.........
###.###..##*...###...#..#........
### #### ##.## ##.#.[..........
### ####........#.. #.<#.....#..
#............


You could see an orc knight.

Vanquished Creatures
  Gastronok (D:9)
  2 hydras
  A centaur warrior (D:9)
  Erica (D:8)
  3 two-headed ogres
  Urug (Orc:1)
  Nergalle (D:10)
  A skeletal warrior (D:9)
  2 unseen horrors
  An orc sorcerer (Orc:1)
  2 ugly things
  Psyche (D:9)
  2 trolls
  4 hippogriffs
  A meliai zombie (D:11)
  A spriggan (D:9)
  2 wraiths
  12 yaks (D:11)
  A hungry ghost (D:10)
  3 wargs
  2 hell hounds (D:8)
  2 ice beasts
  2 sky beasts
  11 ogres
  10 orc warriors
  5 phantoms
  2 necrophages
  An eye of draining (D:11)
  A crocodile (D:11)
  4 centaurs
  2 big kobolds
  5 bullfrogs
  A scorpion (D:7)
  A water moccasin skeleton (D:4)
  3 killer bees (D:11)
  6 wights
  A howler monkey (D:8)
  5 crimson imps
  2 bullfrog zombies
  3 quasits
  A centaur zombie (D:5)
  4 hounds
  2 jellies
  10 orc priests
  14 orc wizards
  2 bullfrog skeletons
  A centaur skeleton (D:11)
  10 worker ants
  3 iguanas
  A killer bee zombie (D:7)
  A hound zombie (D:5)
  2 howler monkey zombies
  A worker ant zombie (D:6)
  10 adders
  3 shadow imps
  An ooze (D:5)
  4 adder skeletons
  5 worms
  5 dart slugs
  5 leopard geckos
  47 orcs
  5 giant cockroaches
  7 hobgoblins
  10 jackals
  10 kobolds
  5 quokkas
  3 ball pythons
  6 bats
  5 frilled lizards
  A leopard gecko skeleton (D:5)
  2 quokka skeletons
  6 rats
304 creatures vanquished.

Vanquished Creatures (collateral kills)
  Joseph (D:9)
  An orc priest (Orc:1)
  2 orcs (Orc:1)
4 creatures vanquished.

Vanquished Creatures (others)
  A cyclops (Orc:2)
  A centaur (D:5)
  An orc priest (Orc:1)
  An orc wizard (Orc:2)
  An iguana (D:5)
  An orc (D:5)
  A kobold (D:11)
7 creatures vanquished.

Grand Total: 315 creatures vanquished

Notes
Turn   | Place    | Note
-------+----------+-------------------------------------------
     0 | D:1      | jjfam the Deep Dwarf Fighter began the quest for the Orb.
     0 | D:1      | Reached XP level 1. HP: 20/20 MP: 1/1
    66 | D:1      | Reached XP level 2. HP: 27/27 MP: 2/2
   371 | D:1      | Reached XP level 3. HP: 34/34 MP: 3/3
   614 | D:2      | Reached skill level 3 in Axes
   680 | D:2      | Reached XP level 4. HP: 28/42 MP: 4/4
   715 | D:2      | Found an iron altar of Okawaru.
   722 | D:2      | Found a blossoming altar of Fedhas.
   729 | D:2      | Found a glowing golden altar of the Shining One.
  1159 | D:3      | Reached XP level 5. HP: 29/49 MP: 5/5
  1161 | D:3      | Reached skill level 4 in Axes
  1382 | D:3      | Noticed an ogre
  1398 | D:3      | Killed an ogre
  1398 | D:3      | Reached skill level 1 in Dodging
  1398 | D:3      | Reached XP level 6. HP: 15/57 MP: 5/5
  1717 | D:4      | Found a sacrificial altar of Ru.
  1762 | D:4      | Reached skill level 5 in Axes
  1896 | D:4      | Reached XP level 7. HP: 45/64 MP: 6/6
  1909 | D:4      | Found a bloodstained altar of Trog.
  1945 | D:4      | Found a staircase to the Ecumenical Temple.
  1951 | Temple   | Entered the Ecumenical Temple
  2056 | Temple   | Became a worshipper of Makhleb the Destroyer
  2588 | D:5      | Entered Level 5 of the Dungeon
  2627 | D:5      | Reached skill level 6 in Axes
  2627 | D:5      | Reached skill level 5 in Shields
  2630 | D:5      | Reached skill level 5 in Armour
  2697 | D:5      | Found a shimmering altar of Xom.
  2906 | D:5      | Reached * piety under Makhleb
  2906 | D:5      | Reached XP level 8. HP: 18/73 MP: 6/6
  3244 | D:6      | Reached skill level 7 in Axes
  3274 | D:6      | Reached skill level 5 in Fighting
  4370 | D:7      | Reached skill level 8 in Axes
  4471 | D:7      | Killed an unseen horror
  4471 | D:7      | Gained mutation: You passively map the area around you. [Deep Dwarf growth]
  4471 | D:7      | Reached XP level 9. HP: 24/82 MP: 4/4
  4562 | D:7      | Found a shadowy altar of Dithmenos.
  4667 | D:7      | Found an opulent altar of Gozag.
  4667 | D:7      | Found a sparkling altar of Nemelex Xobeh.
  4675 | D:7      | Reached ** piety under Makhleb
  5120 | D:8      | Reached skill level 9 in Axes
  5252 | D:8      | Noticed Erica
  5301 | D:8      | Killed Erica
  5360 | D:8      | Reached skill level 10 in Axes
  5364 | D:8      | Noticed a two-headed ogre
  5379 | D:8      | Killed a two-headed ogre
  5379 | D:8      | Reached skill level 1 in Invocations
  5379 | D:8      | Reached XP level 10. HP: 91/91 MP: 4/4
  5396 | D:8      | Found an ancient bone altar of Kikubaaqudgha.
  5860 | D:8      | Found a staircase to the Lair.
  6078 | D:9      | Reached *** piety under Makhleb
  6170 | D:9      | Reached skill level 11 in Axes
  6432 | D:9      | Noticed a two-headed ogre
  6445 | D:9      | Killed a two-headed ogre
  6483 | D:9      | Noticed a seven-headed hydra
  6484 | D:9      | Noticed a centaur warrior
  6484 | D:9      | Noticed a skeletal warrior
  6484 | D:9      | Noticed Psyche
  6486 | D:9      | Noticed a white ugly thing
  6488 | D:9      | Noticed Gastronok
  6494 | D:9      | Killed a centaur warrior
  6503 | D:9      | Killed an eight-headed hydra
  6519 | D:9      | Killed a skeletal warrior
  6519 | D:9      | Reached XP level 11. HP: 72/99 MP: 4/4
  6531 | D:9      | Killed a white ugly thing
  6531 | D:9      | Reached skill level 12 in Axes
  6540 | D:9      | Killed Psyche
  6570 | D:9      | Killed Gastronok
  6570 | D:9      | Reached skill level 1 in Evocations
  6823 | D:9      | Noticed Joseph
  6829 | D:9      | Killed Joseph
  6915 | D:10     | Entered Level 10 of the Dungeon
  7095 | D:10     | Noticed a two-headed ogre
  7103 | D:10     | Killed a two-headed ogre
  7103 | D:10     | Reached skill level 10 in Shields
  7229 | D:10     | Noticed Nergalle
  7248 | D:10     | Killed Nergalle
  7728 | D:11     | Reached **** piety under Makhleb
  7757 | D:11     | Noticed a green ugly thing
  7764 | D:11     | Killed a green ugly thing
  7786 | D:11     | Found Lauczu's Armour Shoppe.
  7821 | D:11     | Found a staircase to the Orcish Mines.
  7954 | D:11     | Noticed an eight-headed hydra
  7976 | D:11     | Killed a 12-headed hydra
  7976 | D:11     | Reached XP level 12. HP: 77/111 MP: 5/5
  8188 | D:11     | Reached skill level 5 in Dodging
  8683 | Orc:1    | Entered Level 1 of the Orcish Mines
  8759 | Orc:1    | Noticed Urug
  8804 | Orc:1    | Killed Urug
  8804 | Orc:1    | Reached skill level 13 in Axes
  8875 | Orc:2    | Entered Level 2 of the Orcish Mines
  8896 | Orc:2    | Reached skill level 10 in Armour
  8928 | Orc:2    | Found a staircase to the Elven Halls.
  9033 | Orc:1    | Reached skill level 1 in Maces & Flails
  9510 | Orc:2    | Found a roughly hewn altar of Beogh.
  9597 | Orc:2    | Slain by an orc knight

Vault maps used:
D:1:      sevenhm_arrival_forest_fort_small_4, hangedman_decor_push
D:2:      minmay_overflow_temple_star_quad, kennysheep_generic_room_9
D:4:      nicolae_overflow_crystal_walls, lemuel_coloured_pillars_altar,
          minmay_temple_entry_hall, first_ration
D:5:      xom_confusion_cloud, uniq_edmund
D:7:      grunt_temple_overflow_opulence, lemuel_crystal_altar
D:8:      lemuel_crystal_altar, minmay_lair_entry_lava, uniq_erica
D:9:      the_bakery, minivault_28, uniq_psyche, uniq_joseph, uniq_gastronok
D:10:     corner_web_ring, uniq_nergalle
D:11:     david_orc_3, serial_shops, shop, nrook_pool_corridor,
          minmay_misc_feat_five
Temple:   hc_temple_tempest_star
Orc:1:    uniq_urug
Orc:2:    grunt_orc_tribal_feast, hangedman_feature_mirror

Skill      XL: |  1  2  3  4  5  6  7  8  9 10 11 12 |
---------------+-------------------------------------+-----
Fighting       | 3 4 5 6 8 |  8.9
Axes           | 3 4 5 6 8 10 11 12 13 | 13.0
Armour         | 4 5 6 7 8 9 10 | 10.0
Shields        | 4 5 6 7 8 10 11 | 11.6
Dodging        | 1 2 3 4 5 |  5.0
Invocations    | 1 2 |  2.0
Evocations     | 1 |  1.4
Maces & Flails | 2 |  2.3
Stealth        | |  0.7

Action                   |  1- 3 |  4- 6 |  7- 9 | 10-12 || total
-------------------------+-------+-------+-------+-------++-------
Melee: War axe           |   106 |   113 |   401 |   553 ||  1173
       Flail             |       |    56 |       |       ||    56
       Eveningstar       |       |       |       |    91 ||    91
       Battleaxe         |       |       |       |    23 ||    23
Invok: Minor Destruction |       |       |     2 |       ||     2
       Lesser Servant of |       |       |       |     4 ||     4
 Abil: Heal Wounds       |       |     7 |    19 |     9 ||    35
Evoke: Wand              |       |       |       |     8 ||     8
  Use: Scroll            |       |     5 |     1 |    15 ||    21
  Eat: Chunk             |       |     4 |    12 |    13 ||    29
       Ration            |       |       |       |     1 ||     1
Armor: Scale mail        |    58 |    84 |   304 |       ||   446
       Plate armour      |       |       |    23 |   288 ||   311
       Chain mail        |       |       |       |    50 ||    50
Dodge: Dodged            |    43 |    77 |   147 |   217 ||   484
Block: Shield            |    63 |    90 |   251 |   580 ||   984
       Reflection        |       |       |       |    20 ||    20
       Other             |       |       |       |     8 ||     8

Table legend:
 A = Spawn XP
 B = Non-spawn XP
 C = Spawn XP percentage of total XP
 D = Spawn monster count
 E = Non-spawn monster count
 F = Spawn count percentage of total count
 G = Total turns spent on level
                    A         B        C        D         E        F      G
               +---------+---------+-------+---------+---------+-------+---------
         Total |       0 |   29742 |   0.0 |       0 |     309 |   0.0 |  9597
               +---------+---------+-------+---------+---------+-------+---------
           D:1 |       0 |      42 |   0.0 |       0 |      21 |   0.0 |   435
           D:2 |       0 |      75 |   0.0 |       0 |      18 |   0.0 |   698
           D:3 |       0 |     340 |   0.0 |       0 |      24 |   0.0 |   566
           D:4 |       0 |     602 |   0.0 |       0 |      26 |   0.0 |   626
           D:5 |       0 |     545 |   0.0 |       0 |      17 |   0.0 |   621
           D:6 |       0 |     515 |   0.0 |       0 |      16 |   0.0 |  1002
           D:7 |       0 |    1733 |   0.0 |       0 |      24 |   0.0 |   971
           D:8 |       0 |    3626 |   0.0 |       0 |      29 |   0.0 |   891
           D:9 |       0 |    8320 |   0.0 |       0 |      34 |   0.0 |   842
          D:10 |       0 |    3405 |   0.0 |       0 |      16 |   0.0 |   753
          D:11 |       0 |    7324 |   0.0 |       0 |      55 |   0.0 |  1015
         Orc:1 |       0 |    1878 |   0.0 |       0 |      12 |   0.0 |   590
         Orc:2 |       0 |    1337 |   0.0 |       0 |      17 |   0.0 |   324
               +---------+---------+-------+---------+---------+-------+---------
